 Dungeon Crawl Stone Soup version 0.29.1-13-g9f3cf754e1 (webtiles) character file.

Game seed: 11102043823507868254

60858 theswoord the Cruncher (level 14, -9/116 HPs)
             Began as a Demonspawn Gladiator on Jan 28, 2023.
             Was an Initiate of Yredelemnul.
             Mangled by Saint Roka
             ... wielding a +1 bardiche of venom
              (21 damage)
             ... on level 1 of the Orcish Mines on Jan 29, 2023.
             The game lasted 00:54:28 (28500 turns).

theswoord the Cruncher (Demonspawn Gladiator)      Turns: 28500, Time: 00:54:29

Health: -9/116     AC: 15    Str: 20    XL:     14   Next: 58%
Magic:  24/24      EV: 14    Int:  9    God:    Yredelemnul [......]
Gold:   1185       SH:  0    Dex: 17    Spells: 13/13 levels left

rFire   + . .      SeeInvis .   a - +1 quarterstaff (venom)
rCold   + . .      Faith    .   (shield currently unavailable)
rNeg    . . .      Spirit   .   j - +2 scale mail {rPois}
rPois   +          Reflect  +   B - +1 hat
rElec   .          Harm     .   d - scarf {rC+ rF+}
rCorr   .          Rampage  .   i - +0 pair of gloves
Will    +....                   N - +0 pair of boots
Stlth   +.........              h - amulet of reflection
HPRegen 0.29/turn               S - ring of Yshienk {Wiz Slay+6}
MPRegen 0.19/turn               I - +4 ring of slaying

@: confused, lethally poisoned (-9 -> -10), ambrosia-drunk, invisible
A: thin skeletal structure 1, demonic guardian 1, ignite blood 1
a: Renounce Religion, Recall Undead Harvest


You were on level 1 of the Orcish Mines.
You worshipped Yredelemnul.
Yredelemnul was pleased with you.
You visited 4 branches of the dungeon, and saw 21 of its levels.

You collected 1245 gold pieces.
You spent 60 gold pieces at shops.

Inventory:

Hand Weapons
 a - a +1 quarterstaff of venom (weapon)
 O - the +8 Vampire's Tooth {vamp}
   (You took it off a centaur warrior on level 11 of the Dungeon)

   It occasionally heals its wielder for the full amount of damage dealt when it
   wounds a living foe.
Missiles
 e - 13 javelins (quivered)
Armour
 c - a +1 helmet
 d - a scarf of resistance (worn)
 i - a +0 pair of gloves (worn)
 j - a +2 scale mail of poison resistance (worn)
 z - a +0 hat of stealth
 B - a +1 hat (worn)
 N - a +0 pair of boots (worn)
Jewellery
 h - an amulet of reflection (around neck)
 r - a ring of protection from cold
 u - a +4 ring of evasion
 y - a +4 ring of protection
 I - a +4 ring of slaying (right hand)
 Q - a ring of see invisible
 S - the ring of Yshienk (left hand) {Wiz Slay+6}
   (You found it on level 11 of the Dungeon)

   [ring of wizardry]

   It improves your spell success rate.
   Slay:      It affects your accuracy & damage with ranged weapons and melee
   (+6).
Wands
 n - a wand of iceblast (15)
 E - a wand of mindburst (5)
 G - a wand of paralysis (6)
Scrolls
 g - 3 scrolls of amnesia
 m - 2 scrolls of enchant armour
 o - 2 scrolls of vulnerability
 p - a scroll of identify
 s - 3 scrolls of magic mapping
 A - a scroll of teleportation
 J - 2 scrolls of blinking
 K - 2 scrolls of enchant weapon
Potions
 f - a potion of brilliance
 k - 6 potions of attraction
 x - a potion of heal wounds
 C - a potion of resistance
 D - 2 potions of curing
 H - a potion of flight
 M - a potion of magic


   Skills:
 + Level 12.3 Fighting
 - Level 14.0 Staves
 - Level 1.7 Throwing
 + Level 11.1 Armour
 + Level 7.8 Dodging
 + Level 14.0 Invocations


You had 13 spell levels left.
You didn't know any spells.
Your spell library contained the following spells:

 Spells                   Type           Power      Damage    Failure   Level
 Anguish                  Hex/Necr       0%         N/A       97%         4
 Fireball                 Conj/Fire      0%         3d3       100%        5
 Silence                  Hex/Air        0%         N/A       100%        5


Dungeon Overview and Level Annotations

Branches:
Dungeon (13/15)            Temple (1/1) D:6            Lair (5/5) D:9
 Shoals (0/4) Lair:2        Snake (0/4) Lair:3        Slime (0/5) Lair:5
    Orc (2/2) D:11            Elf (0/3) Orc:2
 Vaults: D:13-14

Altars:
Ashenzari
Cheibriados
Dithmenos
Fedhas
Gozag
Hepliaklqana
Kikubaaqudgha
Makhleb
Nemelex Xobeh
Okawaru
Qazlal
Ru
Sif Muna
Trog
Uskayaw
Vehumet
Wu Jian
Xom
Yredelemnul
Jiyva

Shops:
D:4 :   D:5 !   D:7 !

Annotations:
D:6 3 runed translucent doors, HumanPerson's ghost, weakling FeDe
D:11 3 runed translucent doors
Orc:1 Saint Roka


Innate Abilities, Weirdness & Mutations

You have a somewhat thin skeletal structure. (Dex +2, Stealth+)
A weak demonic guardian rushes to your aid.
Your demonic aura sometimes causes spilled blood to erupt in flames.


Message History

You feel sick. The orc warrior barely misses you. The orc closely misses you.
Saint Roka barely misses you.
Unknown command.
You hit Saint Roka.
Saint Roka looks as sick as possible!
Saint Roka is moderately wounded.
You feel sick.
Unknown command.
You barely miss Saint Roka.
Saint Roka is moderately wounded.
You feel sick. The orc warrior barely misses you.
An orc high priest comes into view. It is wielding a +0 scimitar.
Saint Roka calls down the wrath of Beogh upon you.
Beogh smites you!
* * * LOW HITPOINT WARNING * * *
The orc closely misses you.
The orc sorcerer gestures wildly while chanting.
You feel sick.
Saint Roka hits you with a +1 bardiche of venom!
* * * LOW HITPOINT WARNING * * *
A demonic guardian appears!
There is a stone staircase leading up, spattered with blood here.
You feel sick.
You climb upwards.
Your summoned ally is left behind.
You feel sick.
There is a stone staircase leading down, spattered with blood here.
You are confused.
You feel invigorated.
You feel sick.
Saint Roka hits you with a +1 bardiche of venom!!
* * * LOW HITPOINT WARNING * * *
The orc warrior misses you.
Unknown command.
You feel much better.
You feel sick.
Saint Roka hits you with a +1 bardiche of venom!!
* * * LOW HITPOINT WARNING * * *
The orc warrior misses you.
You hit Saint Roka but do no damage.
Saint Roka looks as sick as possible!
Saint Roka is moderately wounded.
You feel sick.
Saint Roka hits you with a +1 bardiche of venom!!
You die...
Your body rises from the dead as a mindless zombie.

###### ##...<###
#.......##
###........##
#...[.......#
##....#Z....##
###.o○[.##.....###
##..[o@###.#......##
#....[.[#####....#.#
#........#.#.....###
##............#..#
##..........##.##
###.........###
#.......#.#
##.#....### ###.####


You could see Saint Roka (unable to see you, extremely poisoned) and an orc
warrior (strong, unable to see you).

Vanquished Creatures
  5 hydras
  A catoblepas (D:11)
  A two-headed ogre (D:10)
  3 centaur warriors
  A death drake (shapeshifter) (D:11)
  2 spriggan riders (Lair:5)
  An orc knight (Orc:2)
  A wolf spider (D:11)
  A deep elf pyromancer (D:12)
  4 orc sorcerers
  A cyclops (D:11)
  2 merfolk sirens (Lair:2)
  3 elephants (Lair:5)
  8 black mambas
  13 cane toads
  3 rime drakes
  3 komodo dragons
  A yaktaur (D:11)
  A troll (D:11)
  8 polar bears
  A merfolk (Lair:2)
  5 hornets
  13 dream sheep
  A slime creature (D:11)
  6 blink frogs
  3 shadows
  9 spriggans (Lair:5)
  2 vampires
  50 yaks
  2 black mamba zombies
  2 wraiths
  2 basilisks
  4 wyverns
  2 steam dragons
  A vampire mosquito (D:11)
  2 wargs (Orc:1)
  An acid dragon (D:7)
  A cane toad zombie (Lair:5)
  22 water moccasins
  13 orc warriors
  3 black bears
  A dream sheep zombie (Lair:3)
  2 ice beasts
  2 ogres (D:7)
  2 blink frog zombies (Lair:3)
  21 wolves
  3 boggarts (Lair:5)
  3 centaurs
  2 kobold brigands
  10 bullfrogs
  2 necrophages
  5 water moccasin zombies
  2 scorpions
  15 wights
  2 yak zombies
  11 killer bees
  A spriggan zombie (Lair:5)
  7 howler monkeys
  3 wolf zombies
  A bullfrog zombie (Lair:2)
  2 hounds
  6 orc priests
  A black bear zombie (Lair:2)
  A gnoll bouda (D:5)
  4 iguanas
  12 orc wizards
  A kobold zombie (D:8)
  3 gnolls (D:5)
  10 adders
  A shadow imp (D:5)
  3 white imps
  5 ufetubi
  2 worms (D:5)
  4 dart slugs
  29 orcs
  5 endoplasms
  5 giant cockroaches
  5 goblins
  10 hobgoblins
  2 jackals (D:2)
  19 kobolds
  5 quokkas
  4 ball pythons
  7 bats
  4 frilled lizards
  3 orc zombies
  5 rats
  A spectral ufetubus (D:7)
462 creatures vanquished.

Vanquished Creatures (collateral kills)
  A boulder beetle (Lair:4)
  A lindwurm (Lair:2)
  3 black mambas
  A torpor snail (Lair:2)
  3 cane toads
  An unseen horror (D:11)
  3 komodo dragons
  A freezing wraith (D:10)
  An efreet (D:10)
  A merfolk (Lair:2)
  2 polar bears
  A hornet (Lair:5)
  6 blink frogs
  2 dream sheep
  3 spriggans (Lair:5)
  A wraith (D:11)
  17 yaks
  2 wyverns
  2 basilisks
  A vampire mosquito (D:11)
  9 water moccasins
  A black bear (Lair:5)
  An orc warrior (D:7)
  5 wolves
  A centaur (D:8)
  A kobold brigand (D:10)
  A bullfrog (Lair:3)
  A wight (D:9)
  A killer bee (D:9)
  2 orc priests (D:6)
  An iguana (D:4)
  3 orc wizards
  5 orcs
  An endoplasm (D:1)
  6 kobolds
92 creatures vanquished.

Vanquished Creatures (others)
  A spectral hydra (Lair:5)
  A centaur zombie (D:11)
  A death drake zombie (D:11)
  A black mamba zombie (Lair:5)
  A spectral yak (D:11)
  A blink frog zombie (Lair:1)
  3 wyvern zombies
  A spectral wolf (Lair:5)
  2 water moccasin zombies (D:9)
  A wight (D:6)
  2 spriggan zombies (Lair:5)
  A yak zombie (D:8)
  4 polar bear zombies (Lair:5)
  2 wolf zombies (Lair:5)
  2 bullfrog zombies (D:9)
  An orc wizard (D:10)
  2 howler monkey zombies (D:9)
  3 kobold zombies
  6 orc zombies
  122 fungi
  125 plants
  2 withered plants (D:3)
285 creatures vanquished.

Grand Total: 839 creatures vanquished

Notes
Turn   | Place    | Note
-------+----------+-------------------------------------------
     0 | D:1      | theswoord the Demonspawn Gladiator began the quest for the
                  | Orb.
     0 | D:1      | Reached XP level 1. HP: 16/16 MP: 1/1
   323 | D:1      | Gained mutation: A weak demonic guardian rushes to your
                  | aid. [demonic ancestry]
   323 | D:1      | Reached XP level 2. HP: 19/22 MP: 2/2
   443 | D:1      | Found a faded altar of an unknown god.
   965 | D:1      | Reached XP level 3. HP: 27/27 MP: 3/3
  2034 | D:3      | Noticed a scorpion
  2039 | D:3      | Killed a scorpion
  2040 | D:3      | Reached skill level 5 in Staves
  2040 | D:3      | Reached XP level 4. HP: 33/33 MP: 4/4
  2192 | D:3      | Found a hazy altar of Hepliaklqana.
  2421 | D:3      | Found a blossoming altar of Fedhas.
  2422 | D:3      | Found an ancient bone altar of Kikubaaqudgha.
  2679 | D:3      | Gained mutation: Your demonic aura sometimes causes spilled
                  | blood to erupt in flames. [demonic ancestry]
  2679 | D:3      | Reached XP level 5. HP: 38/38 MP: 5/5
  2932 | D:4      | Found Zodoxy's Vocational Training.
  3297 | D:4      | Reached XP level 6. HP: 24/44 MP: 6/6
  3593 | D:5      | Entered Level 5 of the Dungeon
  3749 | D:5      | Found Udorghaf's Distillery.
  3756 | D:5      | Bought a potion of heal wounds for 60 gold pieces
  4511 | D:5      | Reached XP level 7. HP: 50/50 MP: 7/7
  5023 | D:6      | Found a runed translucent gate.
  5023 | D:6      | Found a runed translucent gate.
  5023 | D:6      | Found a runed translucent gate.
  5026 | D:6      | Noticed a kobold demonologist
  5026 | D:6      | Noticed HumanPerson's ghost (weakling FeDe)
  5932 | D:6      | Reached XP level 8. HP: 27/56 MP: 8/8
  5953 | D:6      | Found a staircase to the Ecumenical Temple.
  5969 | Temple   | Entered the Ecumenical Temple
  6334 | D:7      | Found Husigaib's Distillery.
  6342 | D:7      | Reached skill level 10 in Staves
  7568 | D:7      | Found a shimmering blue altar of Sif Muna.
  7568 | D:7      | Found a broken altar of Ashenzari.
  7815 | D:7      | Reached XP level 9. HP: 27/61 MP: 9/9
  8512 | D:7      | Found a basalt altar of Yredelemnul.
  8522 | D:7      | Became a worshipper of Yredelemnul the Dark
  8556 | D:7      | Reached * piety under Yredelemnul
  8665 | D:7      | Found an opulent altar of Gozag.
  8741 | D:7      | Reached ** piety under Yredelemnul
  8794 | D:7      | Found a shimmering altar of Xom.
  8824 | D:7      | Found a sparkling altar of Nemelex Xobeh.
  8933 | D:7      | Found an iron altar of Okawaru.
  9569 | D:8      | Reached skill level 1 in Invocations
  9582 | D:8      | Reached skill level 1 in Armour
  9613 | D:8      | Reached XP level 10. HP: 28/69 MP: 11/11
 10473 | D:8      | Found a hide-covered altar of Uskayaw.
 11338 | D:9      | Found a staircase to the Lair.
 11730 | D:9      | Noticed a seven-headed hydra
 11745 | D:9      | Killed a seven-headed hydra
 11746 | D:9      | Reached skill level 5 in Invocations
 12100 | Lair:1   | Entered Level 1 of the Lair of Beasts
 12342 | D:10     | Entered Level 10 of the Dungeon
 12391 | Lair:1   | Noticed a cane toad
 12404 | D:9      | Reached XP level 11. HP: 6/78 MP: 15/15
 12739 | D:9      | Reached skill level 5 in Fighting
 13754 | Lair:1   | Reached skill level 5 in Armour
 14056 | Lair:1   | Reached *** piety under Yredelemnul
 14091 | Lair:1   | Reached **** piety under Yredelemnul
 14161 | Lair:1   | Reached ***** piety under Yredelemnul
 14565 | Lair:1   | Reached ****** piety under Yredelemnul
 15263 | Lair:2   | Noticed a five-headed hydra
 15271 | Lair:2   | Killed a five-headed hydra
 15579 | Lair:2   | Noticed an eight-headed hydra
 15584 | Lair:2   | Killed an eight-headed hydra
 15585 | Lair:2   | Reached XP level 12. HP: 61/92 MP: 14/19
 15886 | Lair:2   | Found a staircase to the Shoals.
 15900 | Lair:2   | Reached skill level 10 in Invocations
 17946 | Lair:3   | Found a staircase to the Snake Pit.
 18852 | Lair:4   | Reached XP level 13. HP: 81/103 MP: 22/22
 19307 | Lair:4   | Reached skill level 10 in Fighting
 20151 | Lair:5   | Entered Level 5 of the Lair of Beasts
 20738 | Lair:5   | Reached skill level 5 in Dodging
 20793 | Lair:5   | Found a viscous altar of Jiyva.
 20876 | Lair:5   | Found a staircase to the Slime Pits.
 21705 | Lair:5   | Reached skill level 10 in Armour
 21963 | Lair:5   | Gained mutation: You have a somewhat thin skeletal
                  | structure. (Dex +2, Stealth+) [demonic ancestry]
 21963 | Lair:5   | Reached XP level 14. HP: 113/113 MP: 14/24
 24328 | D:11     | Found a staircase to the Orcish Mines.
 24572 | D:11     | You fall into a shaft and drop 2 floors!
 25265 | D:11     | Identified the ring of Yshienk {Wiz Slay+6}
 25921 | D:11     | Identified the +1 sling of Nightmares {vorpal, rPois Will+
                  | rCorr}
 26890 | D:11     | Found a runed translucent door.
 26892 | D:11     | Found a runed translucent door.
 26895 | D:11     | Found a runed translucent door.
 26928 | D:11     | Got the Tractate on Arcane Weapons and Hexes
 27023 | Orc:1    | Entered Level 1 of the Orcish Mines
 27075 | Orc:2    | Entered Level 2 of the Orcish Mines
 27075 | Orc:2    | Found a staircase to the Elven Halls.
 27209 | Orc:2    | Noticed Saint Roka
 28500 | Orc:1    | Mangled by Saint Roka

Skill      XL: |  1  2  3  4  5  6  7  8  9 10 11 12 13 14 |
---------------+-------------------------------------------+-----
Staves         | 3 5 6 7 9 11 13 14 | 14.0
Invocations    | 2 5 9 12 14 | 14.0
Armour         | 1 3 6 8 10 11 | 11.1
Fighting       | 4 7 9 11 12 | 12.3
Dodging        | 3 6 7 |  7.8
Throwing       | |  1.7

Action                   |  1- 3 |  4- 6 |  7- 9 | 10-12 | 13-15 || total
-------------------------+-------+-------+-------+-------+-------++-------
Melee: Quarterstaff      |   133 |   144 |   319 |   499 |   635 ||  1730
Throw: Throwing net      |     1 |       |     2 |       |       ||     3
       Javelin           |       |       |    14 |     5 |     2 ||    21
Invok: Recall Undead Har |       |       |     7 |    35 |    33 ||    75
       Dark Bargain      |       |       |       |     3 |       ||     3
       Stop Recall       |       |       |       |     2 |     1 ||     3
       Bind Soul         |       |       |       |     2 |     3 ||     5
       Drain Life        |       |       |       |       |     5 ||     5
Evoke: Wand              |       |       |     7 |     3 |       ||    10
  Use: Scroll            |     6 |     7 |     3 |     4 |     9 ||    29
       Potion            |       |     1 |     9 |     4 |     6 ||    20
 Stab: Sleeping          |     2 |     2 |       |       |       ||     4
       Distracted        |     1 |       |       |     8 |     5 ||    14
       Held in net/web   |     2 |       |     2 |       |       ||     4
       Invisible         |       |       |       |       |     2 ||     2
Armor: Leather armour    |    51 |    68 |    21 |       |       ||   140
       Scale mail        |       |       |    75 |   152 |   248 ||   475
Dodge: Dodged            |    96 |    90 |   140 |   206 |   281 ||   813
Block: Other             |    34 |    45 |    56 |   108 |   118 ||   361
       Reflection        |       |     1 |     3 |     1 |     6 ||    11

Levels and vault maps discovered:
D:1:      matt_arrival_spirals, layout_loops_cross,
          ebering_ecumenical_altar_mist
D:2:      layout_rooms, amcnicky_mini_corridor_feature, kennysheep_another_room,
          kennysheep_generic_room_7
D:3:      layout_loops_ring, grunt_temple_overflow_growth_and_decay,
          mainiacjoe_overflow_24_doors
D:4:      layout_rooms, nicolae_shop_vocational
D:5:      layout_gridville, serial_shops, shop_statue, st_stairs_5
D:6:      layout_basic, minmay_temple_entry_stoned_glass,
          gammafunk_ghost_nasty_kobolds, minmay_misc_feat_pillars
D:7:      layout_basic, mainiacjoe_overflow_alcove_2,
          grunt_temple_overflow_open, nemelex_spade_bored_becter,
          okawaru_altar_gauntlet_db, mainiacjoe_overflow_six_doors_small,
          serial_shops, nicolae_shop_hallway_plus
D:8:      layout_loops_cross, nicolae_uskayaw_dance_studio
D:9:      layout_roguey, due_lair_maze_entry_diamond
D:10:     kennysheep_blocky_room, layout_long_grid, mainiacjoe_overflow_paths
D:11:     minmay_the_grid_triangle_9x9_recursive_3_mashed
          [minmay_the_grid_triangle_9x9_corrupted_corridor,
          minmay_the_grid_triangle_9x9_pentomino_pain,
          minmay_the_grid_triangle_9x9_cache,
          minmay_the_grid_triangle_9x9_prize_insulated,
          minmay_the_grid_triangle_9x9_negative_grid,
          minmay_the_grid_triangle_9x9_zippers_horizontal,
          minmay_the_grid_triangle_9x9_zippers_vertical,
          minmay_the_grid_triangle_9x9_flanged_cone,
          minmay_the_grid_triangle_9x9_fully_insulated_deathbox],
          layout_layer_cave, lightli_corner_chamber
D:12:     layout_loops_ring, chequers_big_river, uniq_rupert
D:13:     layout_loops_ring, grunt_vaults_entry_tiered
Temple:   eino_temple_lava
Lair:1:   wander_river, layout_layer_cave, beast_lair_carwin_11,
          serial_bayou_shore_a
Lair:2:   layout_cave_pods, elwin_shoals_entry_stream, minivault_24
Lair:3:   layout_regular_city, minmay_snake_entry_six_corridors
Lair:4:   layout_hall_layers, minivault_26
Lair:5:   minmay_lair_end_enchanted_forest, layout_regular_city, slime_entry_1,
          grunt_megastairs_5
Orc:1:    layout_diamond_mine, nicolae_orc_sculptors_studio
Orc:2:    grunt_orc_cross, layout_caves, mines5_lemuel
